 Dungeon Crawl Stone Soup version 0.28.0-1-gb440e238dd (webtiles) character file.

Game seed: 833262889253791645

303 cbfl8 the Sneak (level 6, -18/53 HPs)
             Began as a Minotaur Delver on Feb 23, 2022.
             Demolished by Menkaure (20 damage)
             ... on level 5 of the Dungeon.
             The game lasted 00:03:02 (764 turns).

cbfl8 the Sneak (Minotaur Delver)                    Turns: 764, Time: 00:03:03

Health: -18/53     AC:  9    Str: 19    XL:     6   Next: 15%
Magic:  5/5        EV:  8    Int:  7    God:
Gold:   37         SH:  0    Dex: 11    Spells: 5/5 levels left

rFire   . . .      SeeInvis .   i - +0 dire flail
rCold   . . .      Faith    .   (shield currently unavailable)
rNeg    . . .      Spirit   .   k - +0 chain mail
rPois   .          Reflect  .   (helmet restricted)
rElec   .          Harm     .   (no cloak)
rCorr   .          Rampage  .   (no gloves)
Will    .....                   h - +0 pair of boots
Stlth   ..........              (no amulet)
HPRegen 0.17/turn               (no ring)
MPRegen 0.09/turn               (no ring)

@: no status effects
A: horns 2, retaliatory headbutt
a: no special abilities


You were on level 5 of the Dungeon.
You visited 1 branch of the dungeon, and saw 3 of its levels.

You collected 37 gold pieces.

Inventory:

Hand Weapons
 a - a +0 hand axe
 i - a +0 dire flail (weapon)
Armour
 b - a +0 leather armour
 h - a +0 pair of boots (worn)
 k - a +0 chain mail (worn)
Wands
 g - a wand of digging (3)
Scrolls
 d - a scroll of magic mapping
 e - a scroll of fear
Potions
 f - 2 potions of might {unknown}
 j - a potion of mutation {unknown}


   Skills:
 + Level 4.7 Fighting
 + Level 3.6(3.7) Axes
 + Level 1.0(2.4) Maces & Flails
 + Level 1.0 Armour
 + Level 3.0 Dodging
 + Level 5.9 Stealth


You had 5 spell levels left.
You didn't know any spells.
Your spell library was empty.

Dungeon Overview and Level Annotations

Branches:
Dungeon (6/15)
 Temple: D:4-7

Altars:

Annotations:
D:5 Menkaure


Innate Abilities, Weirdness & Mutations

You have a pair of horns on your head.
You reflexively headbutt those who attack you in melee.


Message History

Menkaure seems to speed up.
You see here an iguana corpse.
Menkaure calls on the powers of darkness!
Your body is wracked with pain!
As you read the scroll of fog, it crumbles to dust.
The scroll dissolves into smoke.
You barely miss the lemure. The lemure hits you.
You closely miss the lemure. The lemure barely misses you.
You furiously retaliate!
You headbutt the lemure.
Menkaure says, "Why can't you leave me to my rest?"
Menkaure points at you and mumbles some strange words.
You barely resist.
Menkaure calls on the powers of darkness!
Your body is wracked with pain!
* * * LOW HITPOINT WARNING * * *
The lemure hits you but does no damage.
Menkaure is no longer moving quickly.
You barely miss the lemure.
The lemure is lightly wounded.
The lemure hits you but does no damage.
Menkaure casts a spell.
Menkaure seems to speed up.
The lemure hits you.
* * * LOW HITPOINT WARNING * * *
Menkaure casts a spell at you.
You barely resist. The lemure closely misses you.
You barely miss the lemure. Your headbutt misses the lemure.
The lemure is lightly wounded.
Menkaure points at you and mumbles some strange words.
Pain shoots through your body!
* * * LOW HITPOINT WARNING * * *
The lemure hits you but does no damage.
You closely miss the lemure.
The lemure is lightly wounded.
The lemure closely misses you.
You sock the lemure! You headbutt the lemure!
The lemure is almost dead.
Menkaure closely misses you. The lemure hits you.
* * * LOW HITPOINT WARNING * * *
Menkaure hits you!!
You die...

#.......### ###.M
##.........# ###.5..
#.........##
###§§†...
##.........#
####..###...
#..........###...###
#...
#..........#...##.#
#...
#............###..##
##..
#.......5..####....#
#..
##......@M####.....##
##. #......#.#
#.......# #.
#.....##.###.......##
##
##...###.##.........#
#.### #.##.....<...#
## ##.##.........##
#..##..........#
#.##...>......##
#.##..........#


You could see a lemure and Menkaure (fast).

Vanquished Creatures
  A necrophage (D:6)
  A howler monkey (D:5)
  A centaur zombie (D:6)
  2 jellies
  A bullfrog skeleton (D:5)
  A hound (D:6)
  An iguana (D:5)
  An ufetubus (D:6)
9 creatures vanquished.

Notes
Turn   | Place    | Note
-------+----------+-------------------------------------------
     0 | D:5      | cbfl8 the Minotaur Delver began the quest for the Orb.
     0 | D:5      | Reached XP level 1. HP: 19/19 MP: 0/0
    40 | D:5      | Noticed a howler monkey
    60 | D:5      | Killed a howler monkey
    61 | D:5      | Reached XP level 2. HP: 25/27 MP: 1/1
    61 | D:5      | Reached XP level 3. HP: 30/33 MP: 2/2
   110 | D:5      | Noticed an ogre
   197 | D:6      | Noticed a necrophage
   208 | D:6      | Killed a necrophage
   209 | D:6      | Reached skill level 5 in Stealth
   209 | D:6      | Reached XP level 4. HP: 40/40 MP: 3/3
   225 | D:6      | Reached XP level 5. HP: 47/47 MP: 4/4
   371 | D:6      | Noticed a steam dragon
   371 | D:6      | Noticed a centaur
   697 | D:5      | Reached XP level 6. HP: 45/53 MP: 5/5
   722 | D:5      | Reached skill level 1 in Maces & Flails
   722 | D:5      | Reached skill level 1 in Armour
   729 | D:5      | Noticed Menkaure
   764 | D:5      | HP: 2/53 [lemure[Pikel] (3)]
   764 | D:5      | Demolished by Menkaure

Illustrated notes

Levels and vault maps discovered:
D:4:      black_bear_nest_2, layout_gridville, minmay_temple_entry_ruins,
          corner_web_ring
D:5:      layout_cave_pods, chequers_garden, minmay_increasing_density,
          uniq_menkaure, uniq_pikel
D:6:      layout_loops_ring, gammafunk_temple_overflow_forgotten,
          minmay_door_square

Skill      XL: |  1  2  3  4  5  6 |
---------------+-------------------+-----
Fighting       | 4 |  4.7
Stealth        | 5 |  5.9
Axes           | 3 |  3.6
Dodging        | 3 |  3.0
Maces & Flails | 1 |  1.0
Armour         | 1 |  1.0

Action                   |  1- 3 |  4- 6 || total
-------------------------+-------+-------++-------
Melee: Hand axe          |     3 |       ||     3
       Headbutt          |     2 |     6 ||     8
       Dire flail        |     4 |    25 ||    29
  Use: Potion            |     1 |       ||     1
       Scroll            |       |     1 ||     1
Armor: Leather armour    |       |     4 ||     4
       Chain mail        |       |     3 ||     3
Dodge: Dodged            |     6 |    30 ||    36
